 Dungeon Crawl Stone Soup version 0.23.1-37-gaa34b87 (webtiles) character file.

Game seed: 8714302207941150332

49 night the Magician (level 3, -1/24 HPs)
             Began as a Mummy Conjurer on Mar 27, 2019.
             Slain by a goblin
             ... wielding a +0 dagger
             ... led by Robin
              (3 damage)
             ... on level 1 of the Dungeon.
             The game lasted 00:03:11 (1821 turns).

night the Magician (Mummy Conjurer)                 Turns: 1821, Time: 00:03:11

Health: -1/24      AC:  2    Str: 11    XL:     3   Next: 53%
Magic:  6/8        EV: 12    Int: 15    God:
Gold:   23         SH:  0    Dex: 12    Spells: 7/10 levels left

rFire    x . .     SeeInvis .   g - +0 short sword
rCold    + . .     Gourm    .   (no shield)
rNeg     + + +     Faith    .   a - +0 robe
rPois    ∞         Spirit   .   (no helmet)
rElec    .         Reflect  .   (no cloak)
rCorr    .         Harm     .   (no gloves)
MR       .....                  (no boots)
Stlth    ++........             (no amulet)
HPRegen  0.08/turn              (no ring)
MPRegen  0.11/turn              (no ring)

@: no status effects
A: no food or potions, fire vulnerability, cold resistance 1, negative energy
resistance 3, torment resistance, unbreathing
a: no special abilities


You were on level 1 of the Dungeon.
You were not hungry.

You visited 1 branch of the dungeon, and saw 2 of its levels.

You collected 23 gold pieces.

Inventory:

Hand Weapons
 g - a +0 short sword (weapon)
Missiles
 h - 23 arrows
Armour
 a - a +0 robe (worn)
Jewellery
 c - an uncursed ring of flight {unknown}
Scrolls
 b - 3 scrolls of random uselessness {unknown}
 d - a scroll of amnesia {unknown}
 e - 2 scrolls of remove curse {unknown}
 f - 2 scrolls of identify {unknown}
 i - a scroll of noise {unknown}


   Skills:
 - Level 1.5 Dodging
 - Level 1.5 Stealth
 + Level 4.0 Spellcasting
 + Level 3.9 Conjurations


You had 7 spell levels left.
You knew the following spells:

 Your Spells              Type           Power        Failure   Level  Hunger
a - Magic Dart            Conj           ##..         3%          1    N/A
b - Searing Ray           Conj           ##....       5%          2    N/A

Your spell library contained the following spells:

 Spells                   Type           Power        Failure   Level  Hunger
 Dazzling Spray           Conj/Hex       #.....       24%         3    N/A
 Iskenderun's Mystic Bla  Conj           ##......     36%         4    N/A
 Force Lance              Conj/Tloc      #.......     63%         4    N/A
 Fulminant Prism          Conj/Hex       #.........   63%         4    N/A

Dungeon Overview and Level Annotations

Branches:
Dungeon (2/15)

Altars:

Annotations:
D:2 Robin


Innate Abilities, Weirdness & Mutations

You do not eat or drink.
Your flesh is vulnerable to fire.
You are immune to poison.
Your flesh is cold resistant. (rC+)
You are immune to negative energy. (rN+++)
You are immune to unholy pain and torment.
You can survive without breathing.


Message History

Casting: Magic Dart (safe; 3% risk of failure)
Confirm with . or Enter, or press ? or * to list all spells.
Aiming: Magic Dart (safe; 3% risk of failure)
Press: ? - help, Shift-Dir - straight line, f/p - hobgoblin
Aim: a hobgoblin (unusually strong)
The magic dart hits the hobgoblin.
The hobgoblin is moderately wounded.
The hobgoblin hits you. The goblin hits you but does no damage.
The goblin closely misses you.
You hit the hobgoblin.
The hobgoblin is almost dead.
The hobgoblin hits you. The goblin hits you but does no damage.
The goblin hits you with a +0 dagger!
* * * LOW HITPOINT WARNING * * *
The hobgoblin completely misses you. The goblin hits you but does no damage.
You hit the hobgoblin.
You kill the hobgoblin!
Your Spellcasting skill increases to level 4!
The goblin misses you. The goblin hits you with a +0 dagger.
You die...

#.!.# ##..... ### #...# #......
..# #...# #...... ..#
#...###...... ..# #...##.......
..######## ######...##.......
.......†.# #.................
#........#######.g...............
...............†@g...............
#..........###.#................#
#..........# #.#..............###
#..........# #.#..............#
#..........# #.#.........######
#....####### #.#.........######
....## #.#..............# ..#..#
###.##############.# ..##.##
#.............# #.#


You could see 2 goblins.

Vanquished Creatures
  5 leopard geckos (D:1)
  3 bats
  5 goblins
  11 hobgoblins (D:1)
  6 jackals
  A kobold (D:1)
  2 frilled lizards (D:1)
  4 rats
37 creatures vanquished.

Notes
Turn   | Place    | Note
-------+----------+-------------------------------------------
     0 | D:1      | night the Mummy Conjurer began the quest for the Orb.
     0 | D:1      | Reached XP level 1. HP: 13/13 MP: 4/4
    64 | D:1      | Reached skill level 3 in Spellcasting
    90 | D:1      | Reached XP level 2. HP: 6/19 MP: 0/6
   773 | D:1      | Reached XP level 3. HP: 24/24 MP: 2/8
  1474 | D:2      | Noticed Robin
  1580 | D:1      | Learned a level 2 spell: Searing Ray
  1821 | D:1      | Reached skill level 4 in Spellcasting
  1821 | D:1      | Slain by a goblin

Skill      XL: |  1  2  3 |
---------------+----------+-----
Spellcasting   | 3 4 |  4.0
Dodging        | |  1.5
Stealth        | |  1.5
Conjurations   | |  3.9

Action                   || total
-------------------------++-------
Melee: Unarmed           ||     8
       Short sword       ||     4
 Cast: Magic Dart        ||    89
       Searing Ray       ||     1
Armor: Robe              ||    11
Dodge: Dodged            ||    40
